 Dungeon Sprint DCSS version 0.30-a0-883-g5ad918d77d (webtiles) character file.

Game seed: 7532198398410495100

484600 BigDaddyOpFi the End of an Era (level 19, 204/204 (207) HPs)
             Began as a Hill Orc Fighter on Mar 16, 2023.
             Was the Champion of Qazlal.
             Escaped with the Orb!
             The game lasted 00:12:26 (5933 turns).

BigDaddyOpFi the End of an Era (Hill Orc Fighter)   Turns: 5933, Time: 00:12:27

HP:   204/204 (207) AC: 48    Str: 37    XL:     19   Next: 87%
MP:   37/37         EV: 17    Int: 21    God:    Qazlal [******]
Gold: 0             SH: 44    Dex: 15    Spells: 18/18 levels left

rFire   x x .      SeeInvis +    C - +6 shillelagh "Devastator" {shatter}
rCold   + . .      Faith    .    n - +18 shield of the Gong {Loud rN+ Will+ rCorr EV-5}
rNeg    + . .      Spirit   .    a - +15 Maxwell's patent armour {-Cast -Tele rElec Will+ rCorr}
rPois   .          Reflect  .    y - +3 hat of Pondering {ponderous, Will+ MP+10 Int+5}
rElec   +          Rampage  .    (no cloak)
rCorr   +          NoTele   +    A - +2 pair of gloves {Dex+3}
Will    ++++.      NoCast   +    J - +2 pair of boots {Fly}
Stlth   +                        L - amulet of Contentment {rElec rF- rC+ Regen+ SInv}
HPRegen 1.34/turn                u - ring "Ivurphie" {MP-9 Str+6 Int+3 Dex+2 Slay+3}
MPRegen 0.25/turn                Q - ring "Ixzir" {rElec rF- Str+6 Int+5 Slay+2}

@: flying, studying 5 skills, lightly drained, repel missiles, slow
A: weak 1
0: Orb of Zot
a: Renounce Religion, Upheaval, Elemental Force, Disaster Area


You escaped.
You worshipped Qazlal.
Qazlal was exalted by your worship.
You visited 1 branch

Inventory:

Hand Weapons
 C - the +6 shillelagh "Devastator" (weapon) {shatter}
   (You found it in the Dungeon)
Armour
 a - the +15 Maxwell's patent armour (worn) {-Cast -Tele rElec Will+ rCorr}
   (You found it in the Dungeon)

   rElec:     It insulates you from electricity.
   -Cast:     It prevents spellcasting.
   -Tele:     It prevents most forms of teleportation.
   rCorr:     It protects you from acid and corrosion.
   Will:      It increases your willpower.
 n - the +18 shield of the Gong (worn) {Loud rN+ Will+ rCorr EV-5}
   (You found it in the Dungeon)

   Loud:      It is deafeningly noisy when blocking attacks.
   EV:        It affects your evasion (-5).
   rN:        It protects you from negative energy.
   rCorr:     It protects you from acid and corrosion.
   Will:      It increases your willpower.
 y - the +3 hat of Pondering (worn) {ponderous, Will+ MP+10 Int+5}
   (You found it in the Dungeon)

   Int:       It affects your intelligence (+5).
   MP:        It affects your magic capacity (+10).
   Will:      It increases your willpower.
 A - a +2 pair of gloves of dexterity (worn)
 J - a +2 pair of boots of flying (worn)
 S - a +2 pair of gloves of stealth
Jewellery
 u - the ring "Ivurphie" (left hand) {MP-9 Str+6 Int+3 Dex+2 Slay+3}
   (You found it in the Dungeon)

   [ring of strength]

   Str:       It affects your strength (+6).
   Int:       It affects your intelligence (+3).
   Dex:       It affects your dexterity (+2).
   Slay:      It affects your accuracy & damage with ranged weapons and melee
   (+3).
   MP:        It affects your magic capacity (-9).
 v - a ring of wizardry
 x - the ring of Nihilism {*Corrode rN+ Str+8 Dex+2}
   (You took it off a green draconian in the Dungeon)

   [ring of positive energy]

   Str:       It affects your strength (+8).
   Dex:       It affects your dexterity (+2).
   rN:        It protects you from negative energy.
   *Corrode:  It may corrode you when you take damage.
 z - a ring of magical power
 E - the ring of Goydoce {Fire Drain Dex+8}
   (You found it in the Dungeon)

   [ring of fire]

   It enhances your fire magic.
   Dex:       It affects your dexterity (+8).
   rF:        It protects you from fire.
   rC:        It makes you vulnerable to cold.
   Drain:     It drains your maximum health when unequipped.
 F - a +6 ring of dexterity
 G - a ring of wizardry
 H - a ring of poison resistance
 L - the amulet of Contentment (around neck) {rElec rF- rC+ Regen+ SInv}
   (You found it in the Dungeon)

   [amulet of regeneration]

   rF:        It makes you vulnerable to fire.
   rC:        It protects you from cold.
   rElec:     It insulates you from electricity.
   SInv:      It lets you see invisible.
   Regen:     It increases your rate of health regeneration.
 M - the ring "Lopnep Tyn" {rElec rPois rN+ Will- Int+4}
   (You found it in the Dungeon)

   [ring of poison resistance]

   Int:       It affects your intelligence (+4).
   rElec:     It insulates you from electricity.
   rPois:     It protects you from poison.
   rN:        It protects you from negative energy.
   Will:      It decreases your willpower.
 Q - the ring "Ixzir" (right hand) {rElec rF- Str+6 Int+5 Slay+2}
   (You found it in the Dungeon)

   [ring of strength]

   Str:       It affects your strength (+6).
   Int:       It affects your intelligence (+5).
   Slay:      It affects your accuracy & damage with ranged weapons and melee
   (+2).
   rF:        It makes you vulnerable to fire.
   rElec:     It insulates you from electricity.
 R - a ring of willpower
 U - a ring of protection from cold
 X - a ring of ice
 Y - the ring "Qegot" {Fire rN+ rCorr Str+2}
   (You found it in the Dungeon)

   [ring of fire]

   It enhances your fire magic.
   Str:       It affects your strength (+2).
   rF:        It protects you from fire.
   rC:        It makes you vulnerable to cold.
   rN:        It protects you from negative energy.
   rCorr:     It protects you from acid and corrosion.
 Z - a +6 ring of dexterity
Wands
 s - a wand of mindburst (16)
 t - a wand of acid (7)
Scrolls
 b - 8 scrolls of enchant weapon
 c - 11 scrolls of brand weapon
 j - 4 scrolls of blinking
 o - 4 scrolls of amnesia
 p - 8 scrolls of fog
 q - 5 scrolls of identify
 r - 2 scrolls of fear
 N - 5 scrolls of enchant armour
Potions
 d - 7 potions of might
 e - 10 potions of curing
 f - a potion of heal wounds
 g - 18 potions of haste
 h - 5 potions of magic
 i - 3 potions of berserk rage
 k - 2 potions of brilliance
 l - 2 potions of invisibility
 m - 4 potions of resistance
 O - a potion of mutation {unknown}
 P - a potion of lignification {unknown}
Miscellaneous
 w - a phantom mirror
 B - a lightning rod (4/4)
 D - a phantom mirror
 I - a phantom mirror
 K - a phantom mirror
 T - a phantom mirror
 V - a phantom mirror
 W - a phantom mirror


   Skills:
 O Level 27 Fighting
 O Level 27 Maces & Flails
 O Level 27 Armour
 O Level 27 Dodging
 * Level 14.3 Stealth
 O Level 27 Shields
 O Level 27 Invocations
 O Level 27 Evocations


You had 18 spell levels left.
You didn't know any spells.
Your spell library contained the following spells:

 Spells                   Type           Power      Damage    Failure   Level
 Apportation              Tloc           0%         N/A       38%         1
 Freeze                   Ice            0%         1d3       38%         1
 Kiss of Death            Conj/Necr      0%         2d5       38%         1
 Magic Dart               Conj           0%         1d3       38%         1
 Necrotise                Necr           0%         1d4       38%         1
 Sandblast                Erth           0%         2d4       38%         1
 Slow                     Hex            0%         N/A       38%         1
 Sting                    Tmut/Pois      0%         1d3       38%         1
 Summon Small Mammal      Summ           0%         N/A       38%         1
 Blink                    Tloc           0%         N/A       52%         2
 Cigotuvi's Dreadful Rot  Necr/Pois/Air  0%         N/A       52%         2
 Lesser Beckoning         Tloc           0%         N/A       52%         2
 Passwall                 Tmut/Erth      0%         N/A       52%         2
 Poisonous Vapours        Pois/Air       0%         N/A       52%         2
 Scorch                   Fire           0%         2d5       52%         2
 Searing Ray              Conj           0%         2d4       52%         2
 Sublimation of Blood     Necr           0%         N/A       52%         2
 Wereblood                Tmut           0%         N/A       52%         2
 Call Canine Familiar     Summ           0%         N/A       77%         3
 Confusing Touch          Hex            0%         N/A       77%         3
 Dazzling Flash           Conj/Hex       0%         N/A       77%         3
 Frozen Ramparts          Ice            0%         1d1       77%         3
 Gell's Gravitas          Tloc           0%         N/A       77%         3
 Hailstorm                Conj/Ice       0%         3d3       77%         3
 Ignite Poison            Fire/Tmut/Pois 0%         N/A       77%         3
 Inner Flame              Hex/Fire       0%         N/A       77%         3
 Kindle Blastsparks       Fire/Tloc/Air  0%         2d10      77%         3
 Ozocubu's Armour         Ice            0%         N/A       77%         3
 Spider Form              Tmut/Pois      0%         N/A       77%         3
 Stone Arrow              Conj/Erth      0%         3d7       77%         3
 Summon Guardian Golem    Hex/Summ       0%         N/A       77%         3
 Teleport Other           Tloc           0%         N/A       77%         3
 Vampiric Draining        Necr           0%         2d6       77%         3
 Airstrike                Air            0%         2d(0-16)  99%         4
 Anguish                  Hex/Necr       0%         N/A       99%         4
 Animate Armour           Summ/Erth      0%         N/A       99%         4
 Animate Dead             Necr           0%         N/A       99%         4
 Cause Fear               Hex            0%         N/A       99%         4
 Dispel Undead            Necr           0%         3d6       99%         4
 Flame Wave               Conj/Fire      0%         2d4       99%         4
 Fulminant Prism          Conj/Hex       0%         3d5       99%         4
 Ice Form                 Ice/Tmut       0%         N/A       99%         4
 Iskenderun's Mystic Bla  Conj/Tloc      0%         2d3       99%         4
 Manifold Assault         Tloc           0%         N/A       99%         4
 Petrify                  Tmut/Erth      0%         N/A       99%         4
 Sticky Flame             Conj/Fire      0%         2d3       99%         4
 Summon Ice Beast         Ice/Summ       0%         N/A       99%         4
 Summon Lightning Spire   Summ/Air       0%         N/A       99%         4
 Agony                    Necr           0%         N/A       100%        5
 Alistair's Intoxication  Tmut/Pois      0%         N/A       100%        5
 Blade Hands              Tmut           0%         N/A       100%        5
 Borgnjor's Vile Clutch   Necr/Erth      0%         N/A       100%        5
 Freezing Cloud           Conj/Ice/Air   0%         6-21      100%        5
 Irradiate                Conj/Tmut      0%         3d11      100%        5
 Iskenderun's Battlesphe  Conj           0%         2d6       100%        5
 Lightning Bolt           Conj/Air       0%         1d11      100%        5
 Metabolic Englaciation   Hex/Ice        0%         N/A       100%        5
 Silence                  Hex/Air        0%         N/A       100%        5
 Summon Forest            Summ/Tloc      0%         N/A       100%        5
 Death Channel            Necr           0%         N/A       100%        6
 Dispersal                Tloc           0%         N/A       100%        6
 Eringya's Noxious Bog    Tmut/Pois      0%         N/A       100%        6
 Iron Shot                Conj/Erth      0%         9d1       100%        6
 Statue Form              Tmut/Erth      0%         N/A       100%        6
 Summon Cactus Giant      Summ           0%         N/A       100%        6
 Dragon Form              Tmut           0%         N/A       100%        7
 Enfeeble                 Hex            0%         N/A       100%        7
 Haunt                    Necr/Summ      0%         N/A       100%        7
 Monstrous Menagerie      Summ           0%         N/A       100%        7
 Orb of Destruction       Conj           0%         9d5       100%        7
 Ozocubu's Refrigeration  Ice            0%         4d7       100%        7
 Spellforged Servitor     Conj/Summ      0%         N/A       100%        7
 Storm Form               Tmut/Air       0%         N/A       100%        7
 Summon Hydra             Summ           0%         N/A       100%        7
 Borgnjor's Revivificati  Necr           0%         N/A       100%        8
 Discord                  Hex            0%         N/A       100%        8
 Disjunction              Tloc           0%         N/A       100%        8
 Infestation              Necr           0%         N/A       100%        8
 Maxwell's Capacitive Co  Air            0%         ∞         100%        8
 Necromutation            Tmut/Necr      0%         N/A       100%        8
 Death's Door             Necr           0%         N/A       100%        9
 Dragon's Call            Summ           0%         N/A       100%        9
 Fire Storm               Conj/Fire      0%         5d1       100%        9


Dungeon Overview and Level Annotations

Branches:
Dungeon (1/1)

Altars:
Ashenzari
Cheibriados
Dithmenos
Elyvilon
Fedhas
Gozag
Hepliaklqana
Kikubaaqudgha
Makhleb
Nemelex Xobeh
Okawaru
Qazlal
Ru
Sif Muna
Trog
Uskayaw
Vehumet
Wu Jian
Xom
Yredelemnul
Zin
The Shining One
Beogh
Jiyva
Lugonu


Innate Abilities, Weirdness & Mutations

You are weak. (Str -2)


Message History

The eldritch tentacle slaps you! You partially resist.
You feel drained.
You block the eldritch tentacle's attack.
GONNNNG! 2 eldritch tentacle segments come into view.
You hit the eldritch tentacle segment.
The eldritch tentacle segments shudder.
The eldritch tentacle segment is severely damaged.
You block the eldritch tentacle's attack.
SHROANNG!
The eldritch tentacle claws you but does no damage. 2 eldritch tentacle segments come into view.
You bludgeon the eldritch tentacle segment!!
The eldritch tentacle segments shudder.
The eldritch tentacle segment is almost destroyed.
The eldritch tentacle segment is severely damaged.
The eldritch tentacle segment is almost destroyed.
You sock the eldritch tentacle segment!
The eldritch tentacle segment shudders.
You destroy the eldritch tentacle segment!
You start resting.
You start resting.
You start resting.
You start resting.
HP restored.
You start waiting.
You start waiting.
There is a staircase leading out of the dungeon here.
You start waiting.
You start waiting.
You start waiting.
You start waiting.
There is a staircase leading out of the dungeon here.
You start waiting.
You start waiting.
You start waiting.
You start waiting.
You start waiting.
You start waiting.
You start waiting.
You start waiting.
You can't go down here!
Unknown command.
You have escaped!

............▓.............▓...8©8
............▓..▓.......▓..▓...)[.
............▓.............▓...|.)
............▓.............▓....).
............▓......©......▓....).
............▓▓▓▓▓▓▓▓▓▓▓▓▓▓▓....†.
▓.......▓...▓8888888888888▓......
▓▓.....▓▓▓..▓8..°.☼......8▓..▓..†
▓.......▓...▓8.°@°.).)©..8▓.▓....
............▓8....○......8▓....©.
.≈≈.©≈......▓8888888888888▓▓▓▓▓▓▓
▓▓▓▓▓▓▓▓▓▓▓▓▓▓▓▓▓▓▓▓▓▓▓▓▓▓▓▓▓▓▓▓▓
.....8©8....=...▓......[.8©8.....
::}).||..|[.}.|.▓.[:::.||))..))=}
=[:.)|)).[.}..|.▓.)...|.}.[:|.|).
|.)..:))})|.....▓.).}..)})|))....
.=..............▓.:......).......


There were no monsters in sight!

Vanquished Creatures
  A dread lich (D)
  2 ancient liches (D)
  6 royal mummies (D)
  2 shard shrikes (D)
  A caustic shrike (D)
  A Hell Sentinel (D)
  A tentacled monstrosity (D)
  An Orb Guardian (D)
  11 Ice Fiends (D)
  A titan (D)
  A searing wretch (D)
  A lich (D)
  An acid blob (D)
  An Executioner (D)
  6 ancient champions (D)
  3 fire giants (D)
  4 draconian knights (D)
  5 rockslimes (D)
  2 draconian monks (D)
  A nagaraja (D)
  9 azure jellies (D)
  16 narguns (D)
  A frost giant (D)
  2 iron dragons (D)
  2 balrugs (D)
  6 ghost moths (D)
  A quicksilver elemental (D)
  6 draconian scorchers (D)
  3 draconian shifters (D)
  2 emperor scorpions (D)
  2 draconian stormcallers (D)
  2 pandemonium lords (D)
  8 draconian annihilators (D)
  A quicksilver ooze (D)
  A reaper (D)
  7 war gargoyles (D)
  A broodmother (D)
  2 very ugly things (D)
  12 black draconians (D)
  2 bennus (D)
  10 green draconians (D)
  A demonspawn black sun (D)
  11 purple draconians (D)
  12 red draconians (D)
  12 white draconians (D)
  13 yellow draconians (D)
  11 wendigos (D)
  A spark wasp (D)
  Snorg (D)
  An iron golem (D)
  14 mummy priests (D)
  2 great orbs of eyes (D)
  A merfolk impaler (D)
  5 merfolk javelineers (D)
  Josephine (D)
  4 entropy weavers (D)
  3 salamander tyrants (D)
  Erolcha (D)
  An anaconda (shapeshifter) (D)
  A jorogumo (D)
  3 boulder beetles (D)
  A satyr (D)
  An anaconda (D)
  4 merfolk aquamancers (D)
  A dancing weapon (D)
  2 naga warriors (D)
  A vampire mage (D)
  2 death scarabs (D)
  3 hell hogs (D)
  2 soul eaters (D)
  Sonja (D)
  3 pharaoh ants (D)
  2 crystal echidnas (D)
  2 skeletal warriors (D)
  A sun moth (D)
  A death drake (shapeshifter) (D)
  A sea snake (D)
  A deep elf archer (D)
  2 orb spiders (D)
  4 necromancers (D)
  A deep elf pyromancer (D)
  5 steelbarb worms (D)
  A harpy (D)
  4 ugly things (D)
  A shining eye (D)
  5 wolf spiders (D)
  A manticore (D)
  3 moths of wrath (D)
  Maurice (D)
  A rust devil (D)
  A cyclops (shapeshifter) (D)
  2 black mambas (D)
  A torpor snail (shapeshifter) (D)
  3 water nymphs (D)
  A guardian serpent (D)
  A water nymph (shapeshifter) (D)
  5 torpor snails (D)
  2 eyes of devastation (D)
  3 demonic crawlers (D)
  3 hellions (D)
  An ice devil (D)
  4 tormentors (D)
  4 freezing wraiths (D)
  24 guardian mummies (D)
  A merfolk (D)
  2 wind drakes (D)
  A polar bear (D)
  4 hornets (D)
  3 tarantellas (D)
  Grinder (D)
  Prince Ribbit (D)
  12 slime creatures (D)
  2 snapping turtles (D)
  13 flying skulls (D)
  3 jumping spiders (D)
  3 water elementals (D)
  A culicivora (shapeshifter) (D)
  3 shadows (D)
  A human (shapeshifter) (D)
  12 ushabtiu (D)
  3 redbacks (D)
  2 large abominations (D)
  3 golden eyes (D)
  2 neqoxecs (D)
  Menkaure (D)
  Edmund (D)
  2 nagas (D)
  3 water moccasins (D)
  A floating eye (D)
  Duvessa (D)
  A phantom (D)
  3 necrophages (D)
  3 scorpions (D)
  2 wights (D)
  A quasit (D)
  5 jellies (D)
  Jessica (D)
  Ijyb (D)
  35 mummies (D)
  3 adders (D)
  A white imp (D)
  An adder skeleton (D)
  2 adder zombies (D)
  2 adder simulacra (D)
  8 ball pythons (D)
  3 bat skeletons (D)
  3 bat zombies (D)
  2 endoplasms (D)
  2 ball python simulacra (D)
  6 ball python skeletons (D)
  2 bat simulacra (D)
  A jackal skeleton (D)
  3 quokka simulacra (D)
  A quokka skeleton (D)
  2 quokka zombies (D)
536 creatures vanquished.

Vanquished Creatures (collateral kills)
  An Ice Fiend (D)
  A hellion (D)
2 creatures vanquished.

Vanquished Creatures (others)
  An eldritch tentacle (D)
1 creature vanquished.

Grand Total: 539 creatures vanquished

Notes
Turn   | Place    | Note
-------+----------+-------------------------------------------
     0 | D        | BigDaddyOpFi the Hill Orc Fighter began the quest for the
                  | Orb.
     0 | D        | Reached XP level 1. HP: 19/19 MP: 1/1
     0 | D        | Found a shimmering blue altar of Sif Muna.
     0 | D        | Found a bloodstained altar of Trog.
     0 | D        | Found a sacrificial altar of Ru.
     0 | D        | Found a stormy altar of Qazlal.
     0 | D        | Found an iron altar of Okawaru.
     1 | D        | Found a sparkling altar of Nemelex Xobeh.
     1 | D        | Found a blossoming altar of Fedhas.
     1 | D        | Found the +6 Majin-Bo {spellvamp, MP+6 Int+6}
     1 | D        | Found the +27 heavy crossbow "Sniper" {heavy, Acc+∞ SInv}
     1 | D        | Found the +10 dark maul {heavy}
     1 | D        | Found the +15 Maxwell's patent armour {-Cast -Tele rElec
                  | Will+ rCorr}
     1 | D        | Found the +18 shield of the Gong {Loud rN+ Will+ rCorr
                  | EV-5}
     1 | D        | Found the +16 obsidian axe {drain, demonic, Mesm Drain Fly
                  | SInv}
     1 | D        | Found the +7 great mace "Firestarter" {flame, inner flame,
                  | rFlCloud rF++}
     1 | D        | Found the +6 shillelagh "Devastator" {shatter}
     1 | D        | Found the +11 plutonium sword {Contam Stlth-}
     1 | D        | Found the +8 lance "Wyrmbane" {slay drac, rPois rF+ rC+
                  | AC+3}
     1 | D        | Found the +9 sword of Zonguldrok {reap}
     1 | D        | Found the +13 scythe of Curses {drain, curses, Drain}
     1 | D        | Found the +9 sword of Power {lifebolt}
     1 | D        | Found the +7 mace of Variability {chaos, chain chaos}
     1 | D        | Found the +11 Singing Sword {sonic wave}
     1 | D        | Found the +8 storm bow {elec, penet}
     3 | D        | Found a transporter.
     3 | D        | Found an ancient bone altar of Kikubaaqudgha.
     3 | D        | Found a viscous altar of Jiyva.
     3 | D        | Found a corrupted altar of Lugonu.
     3 | D        | Found a hazy altar of Hepliaklqana.
     3 | D        | Found a burning altar of Makhleb.
     3 | D        | Found an opulent altar of Gozag.
    32 | D        | Became a worshipper of Qazlal Stormbringer
    37 | D        | Reached skill level 5 in Fighting
    37 | D        | Reached skill level 5 in Armour
    37 | D        | Reached skill level 5 in Shields
    37 | D        | Reached XP level 2. HP: 30/30 MP: 2/2
    79 | D        | Entered arena 2.
    79 | D        | Found a transporter.
    84 | D        | Reached XP level 3. HP: 36/37 MP: 2/5
    87 | D        | Reached skill level 5 in Maces & Flails
   234 | D        | Entered arena 3.
   234 | D        | Found the +8 whip "Snakebite" {venom, curare, rPois}
   234 | D        | Noticed a water moccasin
   234 | D        | Found a transporter.
   236 | D        | Reached * piety under Qazlal
   237 | D        | Reached XP level 4. HP: 45/45 MP: 6/6
   237 | D        | Killed a water moccasin
   238 | D        | Reached XP level 5. HP: 52/52 MP: 6/10
   281 | D        | Entered arena 4.
   281 | D        | Noticed a deep elf archer
   281 | D        | Noticed a water elemental
   281 | D        | Noticed a +1 hand axe of pain
   281 | D        | Noticed a deep elf pyromancer
   281 | D        | Found a transporter.
   285 | D        | Killed a +1 hand axe of pain
   285 | D        | Reached ** piety under Qazlal
   286 | D        | Reached XP level 6. HP: 63/63 MP: 10/14
   286 | D        | Reached XP level 7. HP: 70/70 MP: 10/15
   286 | D        | Killed a water elemental
   286 | D        | Killed a deep elf archer
   286 | D        | Killed a deep elf pyromancer
   287 | D        | Reached skill level 10 in Fighting
   287 | D        | Reached XP level 8. HP: 81/81 MP: 10/18
   287 | D        | Reached XP level 9. HP: 86/86 MP: 10/19
   343 | D        | Entered arena 5.
   343 | D        | Noticed a tarantella
   343 | D        | Found a transporter.
   346 | D        | Killed a tarantella
   346 | D        | Reached *** piety under Qazlal
   347 | D        | Reached skill level 10 in Armour
   347 | D        | Reached skill level 10 in Shields
   348 | D        | Reached skill level 10 in Maces & Flails
   356 | D        | Entered arena 6.
   356 | D        | Found a transporter.
   359 | D        | Reached **** piety under Qazlal
   375 | D        | Entered arena 7.
   375 | D        | Noticed an eye of devastation
   376 | D        | Found a transporter.
   378 | D        | Paralysed by a floating eye for 2 turns
   379 | D        | Reached skill level 15 in Invocations
   380 | D        | Reached ***** piety under Qazlal
   390 | D        | Killed an eye of devastation
   537 | D        | Entered arena 8.
   537 | D        | Found the +2 shield of Resistance {rF++ rC++ Will++}
   537 | D        | Noticed a freezing wraith
   537 | D        | Noticed a freezing wraith
   537 | D        | Noticed an ice devil
   537 | D        | Noticed a polar bear
   537 | D        | Noticed a freezing wraith
   538 | D        | Found a transporter.
   539 | D        | Killed a freezing wraith
   539 | D        | Killed a freezing wraith
   539 | D        | Killed a polar bear
   540 | D        | Reached XP level 10. HP: 97/97 MP: 12/22
   563 | D        | Got the ring "Cyojav" {Fly Int+6}
   696 | D        | Entered arena 9.
   697 | D        | Found a transporter.
   702 | D        | Reached ****** piety under Qazlal
   718 | D        | Got Sif Muna's Compilation of Viperous Invitation
   720 | D        | Got the amulet "Xefed" {Acrobat Dex+2}
   828 | D        | Entered arena 10.
   828 | D        | Noticed a death scarab
   829 | D        | Found a transporter.
   850 | D        | Killed a death scarab
  1153 | D        | Entered arena 11.
  1153 | D        | Noticed a black mamba
  1154 | D        | Killed a black mamba
  1155 | D        | Found a transporter.
  1480 | D        | Got Sif Muna's Precepts of Ruinous Execration
  1481 | D        | Entered arena 12.
  1481 | D        | Noticed a mummy priest
  1481 | D        | Noticed a mummy priest
  1482 | D        | Killed a mummy priest
  1482 | D        | Killed a mummy priest
  1483 | D        | Reached XP level 11. HP: 94/108 MP: 15/24
  1483 | D        | Noticed a mummy priest
  1483 | D        | Found the +8 demon trident "Rift" {distort, reach+}
  1484 | D        | Found a transporter.
  1493 | D        | Killed a mummy priest
  1666 | D        | Entered arena 13.
  1666 | D        | Noticed an anaconda
  1666 | D        | Noticed a nagaraja
  1667 | D        | Noticed a naga warrior
  1667 | D        | Noticed a naga warrior
  1668 | D        | Killed an anaconda
  1668 | D        | Killed a naga warrior
  1668 | D        | Killed a nagaraja
  1671 | D        | Found a transporter.
  1675 | D        | Killed a naga warrior
  1744 | D        | Entered arena 14.
  1744 | D        | Noticed a black draconian
  1744 | D        | Noticed a green draconian
  1744 | D        | Noticed a red draconian
  1744 | D        | Noticed a yellow draconian
  1745 | D        | Noticed a purple draconian
  1745 | D        | Noticed a purple draconian
  1745 | D        | Noticed a yellow draconian
  1745 | D        | Noticed a red draconian
  1745 | D        | Noticed a moth of wrath
  1745 | D        | Noticed a purple draconian
  1747 | D        | Killed a moth of wrath
  1747 | D        | Killed a red draconian
  1747 | D        | Killed a black draconian
  1747 | D        | Killed a yellow draconian
  1747 | D        | Killed a green draconian
  1747 | D        | Killed a red draconian
  1747 | D        | Killed a yellow draconian
  1747 | D        | Killed a purple draconian
  1747 | D        | Killed a purple draconian
  1748 | D        | Reached XP level 12. HP: 122/122 MP: 17/27
  1749 | D        | Noticed a yellow draconian
  1749 | D        | Noticed a purple draconian
  1750 | D        | Killed a purple draconian
  1750 | D        | Killed a purple draconian
  1750 | D        | Killed a yellow draconian
  1751 | D        | Reached skill level 15 in Maces & Flails
  1751 | D        | Reached skill level 15 in Armour
  1751 | D        | Reached skill level 15 in Shields
  1752 | D        | Found a transporter.
  1957 | D        | Entered arena 15.
  1957 | D        | Noticed a hell hog
  1957 | D        | Noticed a balrug
  1957 | D        | Noticed a salamander tyrant
  1957 | D        | Noticed a hell hog
  1957 | D        | Noticed a fire giant
  1957 | D        | Noticed a balrug
  1958 | D        | Noticed a fire giant
  1958 | D        | Noticed a salamander tyrant
  1958 | D        | Noticed a hell hog
  1958 | D        | Noticed a salamander tyrant
  1958 | D        | Noticed a fire giant
  1959 | D        | Killed a salamander tyrant
  1959 | D        | Killed a fire giant
  1959 | D        | Killed a fire giant
  1959 | D        | Killed a salamander tyrant
  1959 | D        | Killed a hell hog
  1959 | D        | Killed a balrug
  1959 | D        | Killed a hell hog
  1959 | D        | Killed a balrug
  1959 | D        | Killed a fire giant
  1959 | D        | Killed a hell hog
  1959 | D        | Noticed a searing wretch
  1960 | D        | Reached XP level 13. HP: 133/133 MP: 19/29
  1961 | D        | Killed a searing wretch
  1962 | D        | Found a transporter.
  2102 | D        | Entered arena 16.
  2102 | D        | Noticed Prince Ribbit
  2102 | D        | Noticed Ijyb
  2102 | D        | Noticed Menkaure
  2103 | D        | Noticed Duvessa
  2103 | D        | Noticed Sonja
  2103 | D        | Noticed Josephine
  2103 | D        | Noticed Maurice
  2103 | D        | Noticed Snorg
  2103 | D        | Noticed Jessica
  2103 | D        | Noticed Erolcha
  2103 | D        | Noticed Grinder
  2104 | D        | Killed Prince Ribbit
  2104 | D        | Killed Sonja
  2104 | D        | Killed Ijyb
  2104 | D        | Killed Jessica
  2104 | D        | Killed Duvessa
  2104 | D        | Killed Menkaure
  2104 | D        | Killed Josephine
  2104 | D        | Killed Edmund
  2104 | D        | Killed Maurice
  2106 | D        | Found a transporter.
  2107 | D        | Killed Erolcha
  2107 | D        | Killed Snorg
  2107 | D        | Killed Grinder
  2304 | D        | Entered arena 17.
  2307 | D        | Noticed a white very ugly thing
  2307 | D        | Noticed a white very ugly thing
  2308 | D        | Killed a white very ugly thing
  2308 | D        | Killed a white very ugly thing
  2309 | D        | Reached XP level 14. HP: 144/144 MP: 21/31
  2310 | D        | Found a transporter.
  2413 | D        | Got the ring "Ixzir" {rElec rF- Str+6 Int+5 Slay+2}
  2420 | D        | Got the ring "Kibytigh" {Fly rN+ Int+6}
  2529 | D        | Entered arena 18.
  2532 | D        | Noticed a lich
  2532 | D        | Identified the +2 buckler of Paranoia {rCorr}
  2534 | D        | Reached skill level 27 in Invocations
  2535 | D        | Found a transporter.
  2536 | D        | Killed a lich
  2674 | D        | Entered arena 19.
  2676 | D        | Noticed a royal mummy
  2676 | D        | Identified the amulet "Gulus" {Spirit rElec Stlth+}
  2678 | D        | Killed a royal mummy
  2679 | D        | Found the amulet of the Air {Inacc Air Fly rElec RMsl}
  2679 | D        | Found the +5 scythe "Finisher" {speed, eviscerate}
  2681 | D        | Found a transporter.
  2896 | D        | Entered arena 20.
  2899 | D        | Noticed a war gargoyle
  2900 | D        | Noticed an ancient champion
  2900 | D        | Noticed an ancient champion
  2900 | D        | Noticed a war gargoyle
  2900 | D        | Noticed a war gargoyle
  2900 | D        | Noticed a Hell Sentinel
  2900 | D        | Noticed a war gargoyle
  2900 | D        | Identified the amulet "Kebliufu" {Faith Rampage Dex+6}
  2900 | D        | Noticed an ancient champion
  2901 | D        | Noticed a caustic shrike
  2901 | D        | Killed a war gargoyle
  2901 | D        | Killed an ancient champion
  2901 | D        | Killed an ancient champion
  2901 | D        | Killed a war gargoyle
  2901 | D        | Killed an ancient champion
  2901 | D        | Killed a war gargoyle
  2901 | D        | Killed an ancient champion
  2901 | D        | Killed an ancient champion
  2901 | D        | Killed a war gargoyle
  2901 | D        | Found the +3 salamander hide armour {Flames, rFlCloud rF++
                  | rC--}
  2901 | D        | Noticed a war gargoyle
  2902 | D        | Noticed an iron dragon
  2902 | D        | Noticed an iron dragon
  2902 | D        | Noticed a quicksilver elemental
  2903 | D        | Killed a war gargoyle
  2903 | D        | Killed a quicksilver elemental
  2903 | D        | Killed a war gargoyle
  2903 | D        | Killed a Hell Sentinel
  2903 | D        | Killed a caustic shrike
  2904 | D        | Reached XP level 15. HP: 160/160 MP: 15/32
  2904 | D        | Noticed an ancient champion
  2905 | D        | Killed an iron dragon
  2905 | D        | Killed an ancient champion
  2905 | D        | Killed an iron dragon
  2907 | D        | Found a transporter.
  3113 | D        | Got the ring "Ivurphie" {MP-9 Str+6 Int+3 Dex+2 Slay+3}
  3116 | D        | Entered arena 21.
  3123 | D        | Identified the +3 scimitar of Ignis's Supremacy {protect,
                  | Fly rPois Str+2 SInv}
  3123 | D        | Identified the +3 broad axe of Eshauhut {speed, Fragile
                  | rF++ rN++ Dex+2}
  3127 | D        | Found a transporter.
  3252 | D        | Got the Papyrus of Sculpting
  3281 | D        | Entered arena 22.
  3285 | D        | Noticed an azure jelly
  3285 | D        | Noticed an azure jelly
  3287 | D        | Killed an azure jelly
  3287 | D        | Killed an azure jelly
  3287 | D        | Noticed an acid blob
  3288 | D        | Noticed a rockslime
  3288 | D        | Noticed a rockslime
  3288 | D        | Noticed a rockslime
  3288 | D        | Killed an acid blob
  3289 | D        | Noticed a rockslime
  3289 | D        | Noticed a rockslime
  3289 | D        | Noticed an azure jelly
  3289 | D        | Noticed an azure jelly
  3290 | D        | Found the +3 hat of Pondering {ponderous, Will+ MP+10
                  | Int+5}
  3290 | D        | Found the +7 sceptre of Torment {pain, torment}
  3290 | D        | Gained mutation: You are weak. (Str -2) [a shining eye]
  3291 | D        | Killed an azure jelly
  3291 | D        | Killed a rockslime
  3291 | D        | Killed a rockslime
  3291 | D        | Killed an azure jelly
  3291 | D        | Killed a rockslime
  3292 | D        | Reached XP level 16. HP: 177/177 MP: 7/33
  3292 | D        | Found a transporter.
  3295 | D        | Killed a rockslime
  3295 | D        | Killed a rockslime
  3489 | D        | Got Sif Muna's Enchiridion on Imprecation
  3493 | D        | Got the amulet of Contentment {rElec rF- rC+ Regen+ SInv}
  3493 | D        | Got the ring "Surof" {MP+9 Stlth+}
  3509 | D        | Entered arena 23.
  3514 | D        | Noticed a royal mummy
  3519 | D        | Killed a royal mummy
  3614 | D        | Found a transporter.
  3644 | D        | Got Xeraitej's Essays on Reshaped Elsewhere
  3646 | D        | Got the Grimoire of Energetic Formation
  3653 | D        | Entered arena 24.
  3659 | D        | Noticed a green draconian monk
  3659 | D        | Noticed a green draconian monk
  3660 | D        | Killed a green draconian monk
  3660 | D        | Killed a green draconian monk
  3661 | D        | Reached skill level 27 in Fighting
  3663 | D        | Reached XP level 17. HP: 185/191 MP: 18/34
  3665 | D        | Found a transporter.
  3828 | D        | Got the Precepts of the First Dreams
  3842 | D        | Entered arena 25.
  3848 | D        | Identified the ring of Nihilism {*Corrode rN+ Str+8 Dex+2}
  3848 | D        | Identified the +4 scimitar of Severance {heavy, Contam rN+
                  | Dex+2}
  3849 | D        | Identified the ring of Jemedy {rF+ EV+5}
  3849 | D        | Identified the ring "Odaqutu" {Fly rElec Dex+2}
  3850 | D        | Identified the ring of Exyefiaw {Fly rC- rN+++ Str-5 SInv}
  3850 | D        | Identified the +5 quarterstaff "Woodio" {flame, rElec rC+
                  | Int+8 Dex-4}
  3851 | D        | Reached skill level 27 in Maces & Flails
  3851 | D        | Reached skill level 27 in Armour
  3851 | D        | Reached skill level 27 in Shields
  3852 | D        | Identified the +8 great mace "Icleq" {vamp, +Blink rF+
                  | Will-}
  3856 | D        | Found a transporter.
  4065 | D        | Got the Atlas of the Variable Zephyr
  4119 | D        | Entered arena 26.
  4127 | D        | Noticed a royal mummy
  4127 | D        | Identified the amulet "Tonah" {Acrobat Harm +Blink Str-3}
  4127 | D        | Noticed a royal mummy
  4128 | D        | Found the ring of Shadows {Umbra +Inv Stlth+}
  4129 | D        | Killed a royal mummy
  4130 | D        | Reached XP level 18. HP: 42/200 MP: 27/35
  4131 | D        | Identified the ring of the Hero {+Blink Fly rN+ Will+++
                  | Stlth-}
  4132 | D        | Noticed a royal mummy
  4133 | D        | Noticed a royal mummy
  4135 | D        | Killed a royal mummy
  4135 | D        | Killed a royal mummy
  4135 | D        | HP: 9/198 [torment (5)]
  4140 | D        | Killed a royal mummy
  4378 | D        | Found a transporter.
  4390 | D        | Got the ring of Goydoce {Fire Drain Dex+8}
  4400 | D        | Got Everyday Spellcraft
  4415 | D        | Got Sif Muna's Folio of Apparitions and Hoarfrost
  4423 | D        | Entered arena 27.
  4434 | D        | Found the +3 giant club "Skullcrusher" {speed, Str+7}
  4441 | D        | Found a transporter.
  4574 | D        | Found the +2 pair of slick slippers {slick, slippery, EV+5}
  4583 | D        | Got the ring "Lopnep Tyn" {rElec rPois rN+ Will- Int+4}
  4621 | D        | Entered arena 28.
  4628 | D        | Noticed an Ice Fiend
  4629 | D        | Noticed an Ice Fiend
  4629 | D        | Noticed a dread lich
  4629 | D        | Noticed an Ice Fiend
  4630 | D        | Noticed an Ice Fiend
  4630 | D        | Noticed a titan
  4630 | D        | Noticed an Ice Fiend
  4630 | D        | Noticed a shard shrike
  4631 | D        | Killed an Ice Fiend
  4631 | D        | Killed an Ice Fiend
  4631 | D        | Killed an Ice Fiend
  4631 | D        | Noticed an ancient lich
  4632 | D        | Reached skill level 27 in Dodging
  4632 | D        | Reached skill level 15 in Evocations
  4632 | D        | Reached XP level 19. HP: 31/207 MP: 28/36
  4632 | D        | Noticed an Ice Fiend
  4632 | D        | Noticed an ancient lich
  4632 | D        | Noticed a shard shrike
  4633 | D        | Noticed an Ice Fiend
  4633 | D        | Noticed an Ice Fiend
  4634 | D        | Killed an ancient lich
  4634 | D        | Killed a shard shrike
  4634 | D        | Killed a dread lich
  4634 | D        | Killed an Ice Fiend
  4634 | D        | Killed an Ice Fiend
  4634 | D        | Killed a shard shrike
  4635 | D        | Killed an ancient lich
  4635 | D        | Killed an Ice Fiend
  4635 | D        | Noticed an Ice Fiend
  4636 | D        | Noticed an Ice Fiend
  4636 | D        | Noticed an Ice Fiend
  4638 | D        | Killed an Ice Fiend
  4639 | D        | Killed an Ice Fiend
  4639 | D        | Killed an Ice Fiend
  4639 | D        | Killed an Ice Fiend
  4641 | D        | Killed an Ice Fiend
  4642 | D        | Reached skill level 27 in Evocations
  4642 | D        | Reached skill level 1 in Stealth
  4644 | D        | Reached skill level 5 in Stealth
  4645 | D        | HP: 1/207 [hellion/damnation (24)]
  4784 | D        | Found a transporter.
  4822 | D        | Got the Precepts of Coarse Fever
  4848 | D        | Got the ring "Qegot" {Fire rN+ rCorr Str+2}
  4884 | D        | Got the Orb of Zot
  5182 | D        | Noticed Yddatsino the pandemonium lord
  5182 | D        | Noticed a tentacled monstrosity
  5192 | D        | Killed Yddatsino the pandemonium lord
  5196 | D        | Killed a tentacled monstrosity
  5197 | D        | Reached skill level 10 in Stealth
  5481 | D        | Noticed Quack the pandemonium lord
  5512 | D        | Killed Quack the pandemonium lord
  5513 | D        | Noticed an Ice Fiend
  5523 | D        | Killed an Ice Fiend
  5933 | D        | Escaped with the Orb!

Illustrated notes

Levels and vault maps discovered:
D:        sprint_v [room_start, room_1, room_2, room_3, room_4, room_5, room_6,
          room_7, room_8, room_9, room_10, room_11, room_12, room_13, room_14,
          room_15, room_16, room_17, room_18, room_19, room_20, room_21,
          room_22, room_23, room_24, room_25, room_26, room_27]

Skill      XL: |  1  2  3  4  5  6  7  8  9 10 11 12 13 14 15 16 17 18 19 |
---------------+----------------------------------------------------------+-----
Fighting       | 5 6 7 9 10 12 13 16 17 18 22 24 27 | 27.0
Maces & Flails | 4 5 6 8 9 11 12 14 16 17 20 22 26 27 | 27.0
Armour         | 5 6 8 9 11 12 14 16 17 20 22 26 27 | 27.0
Shields        | 5 6 8 9 11 12 14 16 17 20 22 26 27 | 27.0
Invocations    | 2 3 6 11 13 16 19 22 24 26 27 | 27.0
Dodging        | 19 27 | 27.0
Evocations     | 15 27 | 27.0
Stealth        | 14 | 14.3

Action                     |  1- 3 |  4- 6 |  7- 9 | 10-12 | 13-15 | 16-18 | 19-21 || total
---------------------------+-------+-------+-------+-------+-------+-------+-------++-------
  Melee: Shillelagh        |     7 |     3 |    18 |    20 |    12 |    15 |    79 ||   154
 Invoke: Disaster Area     |       |       |     1 |     7 |    14 |    17 |     6 ||    45
         Elemental Force   |       |       |       |       |       |       |     1 ||     1
    Use: Potion            |     1 |     1 |       |       |     1 |    10 |     8 ||    21
         Scroll            |       |       |       |       |       |     3 |       ||     3
 Armour: Plate armour      |     9 |     1 |     9 |     4 |     1 |    29 |    13 ||    66
  Dodge: Dodged            |     1 |       |     1 |    18 |     2 |    20 |     9 ||    51
         Repelled          |       |       |       |     1 |     2 |     1 |       ||     4
  Block: Kite shield       |    13 |     6 |     5 |    51 |    14 |    78 |    81 ||   248

Table legend: (Time is in decaauts)
 A = Elapsed time spent in this place.
 B = Non-inter-level travel time spent in this place.
 C = Inter-level travel time spent in this place.
 D = Time resting spent in this place.
 E = Time spent auto-exploring this place.
 F = Levels seen in this place.
 G = Mean time per level.
                   A        B        C        D        E       F      G
               +--------+--------+--------+--------+--------+-----+--------+
         Total |   5985 |   5985 |      0 |   4631 |      0 |   1 | 5985.0 |
       Dungeon |   5985 |   5985 |      0 |   4631 |      0 |   1 | 5985.0 |
               +--------+--------+--------+--------+--------+-----+--------+

Top non-repeatable levels by time:
       D: 5985 daAuts
